 Dungeon Sprint DCSS version 0.28-a0-1395-g4f6bc678fa (webtiles) character file.

Game seed: 8139235462342227308

1097 rocky1 the Gelid (level 8, 0/63 HPs)
             Began as a Merfolk Ice Elementalist on Jan 5, 2022.
             Was a High Priest of Sif Muna.
             Slain by a swamp dragon (8 damage)
             ... in the Dungeon (Sprint VII: "The Pits").
             The game lasted 00:08:00 (1178 turns).

rocky1 the Gelid (Merfolk Ice Elementalist)         Turns: 1178, Time: 00:08:00

Health: 0/63       AC: 11    Str:  8    XL:     8   Next: 31%
Magic:  14/16      EV: 15    Int: 17    God:    Sif Muna [*****.]
Gold:   0          SH:  0    Dex: 14    Spells: 5/17 levels left

rFire   . . .      SeeInvis .   m - +1 trident (vorpal)
rCold   . . .      Faith    .   (no shield)
rNeg    . . .      Spirit   .   a - +0 robe
rPois   .          Reflect  .   (no helmet)
rElec   .          Harm     .   (no cloak)
rCorr   .          Rampage  .   (no gloves)
Will    .....      NoTele   +   (no boots)
Stlth   ++........              (no amulet)
HPRegen 0.20/turn               (no ring)
MPRegen 0.15/turn               (no ring)

@: ice-armoured, freezing walls
A: (nimble swimmer 2), mertail
a: Renounce Religion, Channel Magic, Forget Spell, Divine Exegesis


You were in the Dungeon.
You worshipped Sif Muna.
Sif Muna was extremely pleased with you.
You visited 1 branch

Inventory:

Hand Weapons
 h - a +1 quarterstaff of speed
 l - a +1 spear of venom
 m - a +1 vorpal trident (weapon)
Armour
 a - a +0 robe (worn)
Scrolls
 g - a scroll of blinking
 j - 5 scrolls of amnesia
 k - a scroll of summoning
Potions
 b - 3 potions of curing
 d - a potion of haste
 e - 3 potions of magic
 f - 2 potions of berserk rage
 i - 2 potions of invisibility


   Skills:
 - Level 5.5 Fighting
 - Level 7.2 Polearms
 - Level 7.3 Dodging
 - Level 2.1 Stealth
 + Level 5.4 Spellcasting
 + Level 0.0 Conjurations
 + Level 15.0 Ice Magic
 + Level 0.0 Air Magic
 + Level 5.4 Invocations


You had 5 spell levels left.
You knew the following spells:

 Your Spells              Type           Power      Damage    Failure   Level
a - Freeze                Ice            100%       1d11      1%          1
b - Frozen Ramparts       Ice            100%       1d12      1%          3
c - Ozocubu's Armour      Ice            54%        N/A       1%          3
d - Freezing Cloud        Conj/Ice/Air   10%        6-21      43%         5

Your spell library contained the following spells:

 Spells                   Type           Power      Damage    Failure   Level
 Hailstorm                Conj/Ice       30%        3d8       6%          4
 Ice Form                 Ice/Tmut       30%        N/A       6%          4
 Mephitic Cloud           Conj/Pois/Air  4%         N/A       38%         3
 Summon Lightning Spire   Summ/Air       4%         N/A       80%         4
 Statue Form              Tmut/Erth      2%         N/A       100%        6


Dungeon Overview and Level Annotations

Branches:
Dungeon (1/1)

Altars:
Ashenzari
Cheibriados
Dithmenos
Elyvilon
Fedhas
Gozag
Hepliaklqana
Kikubaaqudgha
Makhleb
Nemelex Xobeh
Okawaru
Qazlal
Ru
Sif Muna
Trog
Uskayaw
Vehumet
Wu Jian
Xom
Yredelemnul
Zin
The Shining One
Beogh
Jiyva
Lugonu


Innate Abilities, Weirdness & Mutations

((You are very nimble when in or above water. (Stealth+, EV+, Speed+++)))
Your lower body shifts to a powerful aquatic tail in water.


Message History

There is a cloud of poison gas here.
The walls around you are covered in ice.
You are engulfed in poison gas.
You are more poisoned.
* * * LOW HITPOINT WARNING * * *
You feel very sick.
The wall freezes the swamp dragon.
The swamp dragon completely misses you.
The swamp dragon claws you but does no damage.
The swamp dragon completely misses you.
You feel much better.
You are engulfed in poison gas.
You are lethally poisoned!
* * * LOW HITPOINT WARNING * * *
You feel extremely sick.
The wall freezes the swamp dragon!
The swamp dragon bites you but does no damage.
The swamp dragon closely misses you. The swamp dragon tramples you!
* * * LOW HITPOINT WARNING * * *
You hold your ground!
You feel much better.
You are engulfed in poison gas.
You are more poisoned.
* * * LOW HITPOINT WARNING * * *
x2 You feel extremely sick.
The wall freezes the swamp dragon.
The swamp dragon breathes poison at you.
The blast of poison misses you.
You feel better.
You are engulfed in poison gas.
You are poisoned.
* * * LOW HITPOINT WARNING * * *
You feel very sick.
The wall freezes the swamp dragon.
The swamp dragon bites you but does no damage.
The swamp dragon claws you!
* * * LOW HITPOINT WARNING * * *
The swamp dragon tramples you.
* * * LOW HITPOINT WARNING * * *
You hold your ground!
You feel better.
The wall freezes the swamp dragon.
The swamp dragon bites you but does no damage.
The swamp dragon claws you!
You die...

#.#).#####'#####'#####++
#.#))#.....##.......#
#.#))#.....##.......#
#.#..###)####.......#
#.##'#.)÷..##...<...#
#.#..).....##.......#
#)#........##.......#
#)###########.......#
#)......#@°##########
#..###..#D## ###
#.......#☼# .J.#
##.###.##☼#....#
#.......#○○.D.J+
#..###..#○#....#
#.......☼§#....#
########### ####


You could see a swamp dragon (catching breath).

Vanquished Creatures
  A flying skull (D)
  Grum (D)
  Edmund (D)
  An orc warrior (D)
  2 wolves (D)
  A phantom (D)
  4 scorpions (D)
  An orc priest (D)
  An orc wizard (D)
  2 adders (D)
  A white imp (D)
  An ufetubus (D)
  2 orcs (D)
  A goblin (D)
  2 hobgoblins (D)
  A quokka (D)
  A frilled lizard (D)
  A giant cockroach zombie (D)
  A kobold (D)
26 creatures vanquished.

Notes
Turn   | Place    | Note
-------+----------+-------------------------------------------
     0 | D        | rocky1 the Merfolk Ice Elementalist began the quest for the
                  | Orb.
     0 | D        | Reached XP level 1. HP: 13/13 MP: 3/3
    17 | D        | Reached skill level 6 in Ice Magic
    17 | D        | Reached XP level 2. HP: 17/19 MP: 0/5
    49 | D        | Found a bloodstained altar of Trog.
    49 | D        | Found a shimmering blue altar of Sif Muna.
    49 | D        | Found a viscous altar of Jiyva.
    49 | D        | Found a hazy altar of Hepliaklqana.
    49 | D        | Found an opulent altar of Gozag.
    50 | D        | Found a glowing golden altar of the Shining One.
    50 | D        | Found a glowing silver altar of Zin.
    50 | D        | Found a basalt altar of Yredelemnul.
    50 | D        | Found a shimmering altar of Xom.
    50 | D        | Found an ornate altar of the Wu Jian Council.
    50 | D        | Found a sacrificial altar of Ru.
    50 | D        | Found a stormy altar of Qazlal.
    50 | D        | Found an iron altar of Okawaru.
    50 | D        | Found a sparkling altar of Nemelex Xobeh.
    50 | D        | Found a burning altar of Makhleb.
    50 | D        | Found a blossoming altar of Fedhas.
    50 | D        | Found a white marble altar of Elyvilon.
    50 | D        | Found a shadowy altar of Dithmenos.
    50 | D        | Found a snail-covered altar of Cheibriados.
    52 | D        | Found a radiant altar of Vehumet.
    52 | D        | Found a corrupted altar of Lugonu.
    53 | D        | Found a hide-covered altar of Uskayaw.
    53 | D        | Found an ancient bone altar of Kikubaaqudgha.
    53 | D        | Found a broken altar of Ashenzari.
    55 | D        | Became a worshipper of Sif Muna the Loreminder
    82 | D        | Reached skill level 7 in Ice Magic
   103 | D        | Noticed a scorpion
   107 | D        | Killed a scorpion
   107 | D        | Reached * piety under Sif Muna
   108 | D        | Reached skill level 10 in Ice Magic
   108 | D        | Reached XP level 3. HP: 24/24 MP: 2/6
   108 | D        | Reached XP level 4. HP: 30/30 MP: 2/7
   158 | D        | Learned a level 3 spell: Frozen Ramparts
   162 | D        | Learned a level 3 spell: Ozocubu's Armour
   162 | D        | Noticed a scorpion
   168 | D        | Killed a scorpion
   169 | D        | Reached skill level 11 in Ice Magic
   169 | D        | Reached XP level 5. HP: 29/35 MP: 0/8
   241 | D        | Noticed Edmund
   244 | D        | Reached ** piety under Sif Muna
   289 | D        | Killed Edmund
   290 | D        | Reached skill level 14 in Ice Magic
   290 | D        | Reached XP level 6. HP: 28/41 MP: 1/9
   598 | D        | Noticed an orc warrior
   604 | D        | Killed an orc warrior
   604 | D        | Reached *** piety under Sif Muna
   609 | D        | Reached XP level 7. HP: 48/52 MP: 3/12
   611 | D        | Reached **** piety under Sif Muna
   612 | D        | Reached skill level 5 in Dodging
   621 | D        | Reached skill level 5 in Polearms
   732 | D        | Reached ***** piety under Sif Muna
   735 | D        | Noticed Grum
   742 | D        | Killed Grum
  1024 | D        | Noticed a flying skull
  1027 | D        | Reached skill level 5 in Spellcasting
  1027 | D        | Reached XP level 8. HP: 50/61 MP: 8/15
  1028 | D        | Reached skill level 5 in Fighting
  1028 | D        | Reached skill level 5 in Invocations
  1030 | D        | Killed a flying skull
  1030 | D        | Received a gift from Sif Muna
  1031 | D        | Reached skill level 15 in Ice Magic
  1130 | D        | Got Sif Muna's Tome of Shifting Weightlessness {god gift}
  1137 | D        | Learned a level 5 spell: Freezing Cloud
  1137 | D        | Noticed a swamp dragon
  1177 | D        | HP: 1/63 [swamp dragon (6)]
  1178 | D        | Slain by a swamp dragon

Illustrated notes

Levels and vault maps discovered:
D:        pitsprint [storerooms_1, entrance_room_1, metal_vault_5, armoury_1,
          mini_pit_1, grid_room_1, main_hall_1, silver_pit, the_coven_3,
          the_vestibule_1, steel_vault_5, golden_pit, hallway_of_sentries,
          crystal_vault_2, iron_vault_2, final_vault]

Skill      XL: |  1  2  3  4  5  6  7  8 |
---------------+-------------------------+-----
Ice Magic      | 6 10 11 14 15 | 15.0
Fighting       | 3 4 5 |  5.5
Polearms       | 4 6 7 |  7.2
Dodging        | 4 6 7 |  7.3
Spellcasting   | 3 5 |  5.4
Invocations    | 3 4 5 |  5.4
Stealth        | |  2.1

Action                   |  1- 3 |  4- 6 |  7- 9 || total
-------------------------+-------+-------+-------++-------
Melee: Trident           |     2 |    11 |    28 ||    41
 Cast: Freeze            |     8 |     4 |     2 ||    14
       Frozen Ramparts   |       |     4 |     6 ||    10
       Ozocubu's Armour  |       |     3 |     5 ||     8
  Use: Potion            |     1 |     1 |     9 ||    11
 Stab: Sleeping          |     1 |     1 |       ||     2
Armor: Robe              |       |     3 |    10 ||    13
Dodge: Dodged            |     4 |     5 |    34 ||    43

Table legend: (Time is in decaauts)
 A = Elapsed time spent in this place.
 B = Non-inter-level travel time spent in this place.
 C = Inter-level travel time spent in this place.
 D = Time resting spent in this place.
 E = Time spent auto-exploring this place.
 F = Levels seen in this place.
 G = Mean time per level.
                   A        B        C        D        E       F      G
               +--------+--------+--------+--------+--------+-----+--------+
         Total |   1190 |   1170 |     20 |    905 |      0 |   1 | 1190.0 |
       Dungeon |   1190 |   1170 |     20 |    905 |      0 |   1 | 1190.0 |
               +--------+--------+--------+--------+--------+-----+--------+

Top non-repeatable levels by time:
       D: 1190 daAuts
